 Dungeon Crawl Stone Soup version 0.20.1-1-g8b1a95d66d (webtiles) character file.

814 Ivernyr the Quickloader (level 7, 23/62 HPs)
             Began as a Deep Dwarf Hunter on Nov 18, 2017.
             Quit the game on level 7 of the Dungeon.
             The game lasted 00:12:39 (2972 turns).

Ivernyr the Quickloader (Deep Dwarf Hunter)         Turns: 2972, Time: 00:12:40

Health: 23/62      AC: 15    Str: 17    XL:     7   Next: 62%
Magic:  4/4        EV:  8    Int: 12    God:
Gold:   313        SH:  0    Dex: 13    Spells: 6/6 levels left

rFire    . . .     SeeInvis .   b - +0 hand axe
rCold    + . .     Gourm    .   (no shield)
rNeg     . . .     Faith    .   c - +2 chain mail {rC+}
rPois    .         Spirit   .   (no helmet)
rElec    .         Reflect  .   m - +0 cloak (curse)
rCorr    .         Harm     .   i - +0 pair of gloves
MR       +....     Rnd*Tele +   x - +0 pair of boots
Stlth    ..........             (no amulet)
Regen    0.0/turn               B - ring of teleportation (curse)
MPRegen  0.1/turn               (no ring)

@: non-regenerating
A: damage resistance, heal wounds, sense surroundings 1, no regeneration
a: Heal Wounds


You were on level 7 of the Dungeon.
You were very hungry.

You visited 1 branch of the dungeon, and saw 5 of its levels.

You collected 313 gold pieces.

Inventory:

Hand Weapons
 a - a +1 hand crossbow
 b - a +0 hand axe (weapon)
Missiles
 d - 27 bolts
Armour
 c - a +2 chain mail of cold resistance (worn)
 i - a +0 pair of gloves (worn)
 m - a cursed +0 cloak (worn)
 x - a +0 pair of boots (worn)
Jewellery
 B - a cursed ring of teleportation (left hand)
Wands
 o - a wand of flame (24/48)
Scrolls
 e - 5 scrolls of identify {unknown}
 g - a scroll of noise {unknown}
 k - a scroll of blinking {unknown}
 l - a scroll of enchant weapon {unknown}
 p - a scroll of magic mapping {unknown}
 s - 4 scrolls of teleportation {unknown}
 t - a scroll of random uselessness {unknown}
 y - a scroll of enchant armour {unknown}
 A - 2 scrolls of remove curse {unknown}
Potions
 h - a potion of cancellation {unknown}
 j - a potion of ambrosia {unknown}
 n - a potion of heal wounds {unknown}
 u - 2 potions of curing {unknown}
 v - a potion of agility {unknown}
 w - a potion of brilliance {unknown}
 z - a potion of mutation {unknown}
Comestibles
 f - 4 bread rations
 q - a meat ration
 r - 3 royal jellies


   Skills:
 - Level 3.0 Fighting
 + Level 2.9 Axes
 * Level 8.1 Crossbows
 + Level 4.6 Armour
 - Level 2.1 Dodging
 - Level 1.2 Stealth


You had 6 spell levels left.
You didn't know any spells.

Dungeon Overview and Level Annotations

Branches:
Dungeon (4/15)
 Temple: D:4-7

Altars:
Fedhas
Qazlal
Trog
The Shining One


Innate Abilities, Weirdness & Mutations

You are resistant to damage.
You can heal yourself by infusing magical energy.
You passively map a small area around you.
You do not regenerate.


Message History

You miss the crimson imp.
The crimson imp hits you but does no damage.
The shadow imp barely misses you.
You hit the shadow imp.
The shadow imp is almost dead.
You completely miss the crimson imp.
The crimson imp disappears for a moment.
The crimson imp blinks!
The shadow imp summons a swarm of flies.
The shadow imp hits you but does no damage.
Your chain mail prevents you from hitting the shadow imp.
The shadow imp is almost dead.
The shadow imp hits you but does no damage.
You hit the shadow imp but do no damage.
The shadow imp is almost dead.
The shadow imp gestures at you. You resist with significant effort.
Quiver which item? (- for none, * to show all) (? for menu, Esc to quit)
Okay, then.
Are you sure you want to abandon this character and quit the game? (Confirm with "yes".)

, .# .# # # ##.# #.#
#.#5# ##.## ##.# .## *,
##...########.###..####,
...............#5.....+
##...#.########.@# * ,
##.##># ###.# * ###.#
*.# , #.# .# * #.# .# *+
#.# .# ######.# .# *
.......# .# , ########


You could see a crimson imp and a shadow imp.

Vanquished Creatures
  Joseph (D:7)
  Eustachio (D:4)
  A crimson imp (D:7)
  A hound (D:7)
  Crazy Yiuf (D:2)
  An orc priest (D:3)
  A bullfrog skeleton (D:4)
  Jessica (D:2)
  Terence (D:3)
  7 adders
  An ooze (D:2)
  An adder skeleton (D:4)
  2 worms
  2 dart slugs (D:3)
  2 leopard geckos (D:2)
  8 orcs
  2 bats (D:1)
  2 giant cockroaches
  9 goblins
  11 hobgoblins
  5 jackals
  5 kobolds
  A ball python (D:2)
  2 frilled lizards
  10 rats
79 creatures vanquished.

Notes
Turn   | Place    | Note
-------+----------+-------------------------------------------
     0 | D:1      | Ivernyr the Deep Dwarf Hunter began the quest for the Orb.
     0 | D:1      | Reached XP level 1. HP: 19/19 MP: 1/1
   203 | D:1      | Reached XP level 2. HP: 19/26 MP: 2/2
   541 | D:1      | Reached skill level 1 in Armour
   761 | D:1      | Reached XP level 3. HP: 10/33 MP: 3/3
   883 | D:2      | Noticed Jessica
   892 | D:2      | HP: 1/33 [Jessica/dagger (1)]
   899 | D:2      | Killed Jessica
   899 | D:2      | Reached skill level 5 in Crossbows
   974 | D:2      | Found a runed door.
   979 | D:2      | Noticed Crazy Yiuf
   985 | D:2      | Killed Crazy Yiuf
   985 | D:2      | Reached XP level 4. HP: 8/40 MP: 4/4
  1216 | D:2      | Found a stormy altar of Qazlal.
  1245 | D:2      | Reached XP level 5. HP: 17/48 MP: 4/4
  1493 | D:2      | Found a glowing golden altar of the Shining One.
  1780 | D:3      | Reached skill level 6 in Crossbows
  1782 | D:3      | Noticed Terence
  1796 | D:3      | Killed Terence
  2349 | D:4      | Reached XP level 6. HP: 27/56 MP: 5/5
  2351 | D:4      | Found a bloodstained altar of Trog.
  2374 | D:4      | Found a blossoming altar of Fedhas.
  2399 | D:4      | Noticed Eustachio
  2580 | D:4      | Killed Eustachio
  2580 | D:4      | Reached skill level 1 in Axes
  2580 | D:4      | Reached skill level 7 in Crossbows
  2776 | D:4      | You fall through a shaft for 3 floors!
  2787 | D:7      | Noticed Joseph
  2808 | D:7      | Killed Joseph
  2808 | D:7      | Reached XP level 7. HP: 29/62 MP: 4/4
  2848 | D:7      | Reached skill level 8 in Crossbows
  2972 | D:7      | Quit the game

Skill      XL: |  1  2  3  4  5  6  7 |
---------------+----------------------+-----
Fighting       | 2 3 |  3.0
Armour         | 1 2 3 4 |  4.6
Crossbows      | 5 6 7 8 |  8.1
Axes           | 2 |  2.9
Dodging        | |  2.1
Stealth        | |  1.2

Action                   |  1- 3 |  4- 6 |  7- 9 || total
-------------------------+-------+-------+-------++-------
Melee: Short sword       |   109 |   207 |       ||   316
       Hand axe          |       |    37 |    24 ||    61
 Fire: Hand crossbow     |    17 |    66 |       ||    83
 Abil: Heal Wounds       |     1 |     4 |       ||     5
 Stab: Sleeping          |     1 |     1 |       ||     2
  Eat: Chunk             |       |     6 |       ||     6
Armor: Leather armour    |    22 |    41 |       ||    63
       Chain mail        |       |    86 |    22 ||   108
Dodge: Dodged            |    71 |   143 |    10 ||   224
